 Dungeon Crawl Stone Soup version 0.21-a0-351-g38363bb (webtiles) character file.

31 4thArraOfDagon the Skirmisher (level 3, 0/37 HPs)
             Began as an Ogre Enchanter on Oct 9, 2017.
             Slain by a kobold (2 damage)
             ... on level 3 of the Dungeon.
             The game lasted 00:03:24 (685 turns).

4thArraOfDagon the Skirmisher (Ogre Enchanter)       Turns: 685, Time: 00:03:25

Health: 0/37       AC:  3    Str: 10 (12) XL:     3   Next: 22%
Magic:  0/6        EV: 10    Int: 15 (17) God:
Gold:   38         SH:  0    Dex:  7 (9)  Spells: 3/6 levels left

rFire    . . .     SeeInvis .   a - +1 dagger
rCold    . . .     Gourm    .   (no shield)
rNeg     . . .     Faith    .   b - +0 robe
rPois    .         Spirit   .   (helmet restricted)
rElec    .         Reflect  .   (no cloak)
rCorr    .         Harm     .   (gloves unavailable)
MR       .....                  (boots unavailable)
Stlth    ++........             (no amulet)
HPRegen  0.12/turn              (no ring)
MPRegen  0.10/turn              (no ring)

@: lethally poisoned (0 -> -10)
A: unfitting armour, tough skin 1
a: no special abilities


You were on level 3 of the Dungeon.
You were not hungry.

You visited 1 branch of the dungeon, and saw 3 of its levels.

You collected 38 gold pieces.

Inventory:

Hand Weapons
 a - a +1 dagger (weapon)
 o - a +0 club
Armour
 b - a +0 robe (worn)
Scrolls
 e - a scroll of noise {unknown}
 h - a scroll of identify {unknown}
 n - a scroll of enchant weapon {unknown}
Potions
 m - a potion of degeneration
Books
 c - a book of Maledictions

   Spells                             Type                      Level
   a - Corona                         Hexes                        1
   b - Ensorcelled Hibernation        Hexes/Ice                    2
   c - Confuse                        Hexes                        3
   d - Tukima's Dance                 Hexes                        3
   e - Dazzling Spray                 Conjuration/Hexes            3
Comestibles
 d - 2 bread rations
 k - 2 meat rations
 l - 4 fruits


   Skills:
 + Level 3.2 Fighting
 - Level 0.8 Short Blades
 * Level 1.0 Maces & Flails
 - Level 1.7 Dodging
 - Level 2.1 Stealth
 - Level 2.4 Spellcasting
 - Level 2.6 Hexes


You had 3 spell levels left.
You knew the following spells:

 Your Spells              Type           Power        Failure   Level  Hunger
a - Corona                Hex            #......      7%          1    #......
b - Ensorcelled Hibernat  Hex/Ice        #.....       19%         2    ###....


Dungeon Overview and Level Annotations

Branches:
Dungeon (3/15)

Altars:


Innate Abilities, Weirdness & Mutations

You are too large for most types of armour.
You have tough skin. (AC +1)


Message History

You feel sick. The kobold barely misses you.
Okay, then.
Unknown command.
* * * LOW HITPOINT WARNING * * *
You feel sick. The kobold hits you.
* * * LOW HITPOINT WARNING * * *
Unknown command.
Casting: Ensorcelled Hibernation
Confirm with . or Enter, or press ? or * to list all spells.
Aiming: Ensorcelled Hibernation
Press: ? - help, Shift-Dir - straight line, f/p - kobold
Aim: a kobold (chance to defeat MR: 54%)
The kobold resists with significant effort.
* * * LOW HITPOINT WARNING * * *
You feel sick. The kobold closely misses you.
Unknown command.
Unknown command.
* * * LOW HITPOINT WARNING * * *
You feel sick. The kobold hits you.
You die...

#..# #.##
########
#.#####.......
#.............
#..###..#####$#
#..(....##.....
#..#.(.....#
#....#..#####.#
#..###.K@..!..#
#.............#
###############


You could see a kobold.

Vanquished Creatures
  2 dart slugs
  A leopard gecko (D:2)
  2 bats
  2 giant cockroaches
  4 goblins
  4 hobgoblins (D:3)
  A jackal (D:2)
  5 kobolds
  A frilled lizard (D:3)
  A rat (D:3)
23 creatures vanquished.

Notes
Turn   | Place    | Note
-------+----------+-------------------------------------------
     0 | D:1      | 4thArraOfDagon the Ogre Enchanter began the quest for the Orb.
     0 | D:1      | Reached XP level 1. HP: 16/16 MP: 3/3
    58 | D:1      | Reached skill level 1 in Fighting
   143 | D:1      | Reached skill level 2 in Fighting
   143 | D:1      | Reached XP level 2. HP: 28/28 MP: 5/5
   220 | D:2      | Learned a level 2 spell: Ensorcelled Hibernation
   299 | D:1      | You fall through a shaft!
   398 | D:2      | Reached skill level 3 in Fighting
   583 | D:3      | Reached XP level 3. HP: 12/37 MP: 0/6
   660 | D:3      | Reached skill level 1 in Maces & Flails
   685 | D:3      | Slain by a kobold

Vault maps used:
D:1:      dpeg_arrival_windows_large_door

Skill      XL: |  1  2  3 |
---------------+----------+-----
Fighting       | 2 3 |  3.2
Maces & Flails | 1 |  1.0
Short Blades   | |  0.8
Dodging        | |  1.7
Stealth        | |  2.1
Spellcasting   | |  2.4
Hexes          | |  2.6

Action                   || total
-------------------------++-------
Melee: Dagger            ||    96
 Cast: Corona            ||     4
       Ensorcelled Hiber ||    12
  Use: Potion            ||     3
       Scroll            ||     2
 Stab: Sleeping          ||     5
Armor: Robe              ||    18
Dodge: Dodged            ||    64

Table legend:
 A = Spawn XP
 B = Non-spawn XP
 C = Spawn XP percentage of total XP
 D = Spawn monster count
 E = Non-spawn monster count
 F = Spawn count percentage of total count
 G = Total turns spent on level
                    A         B        C        D         E        F      G
               +---------+---------+-------+---------+---------+-------+---------
         Total |       0 |      45 |   0.0 |       0 |      23 |   0.0 |   685
               +---------+---------+-------+---------+---------+-------+---------
           D:1 |       0 |      15 |   0.0 |       0 |       7 |   0.0 |   211
           D:2 |       0 |      11 |   0.0 |       0 |       6 |   0.0 |   234
           D:3 |       0 |      19 |   0.0 |       0 |      10 |   0.0 |   240
               +---------+---------+-------+---------+---------+-------+---------
